[Event "Titled Tuesday Blitz June 27 Late 2023"]
[White "Nefedov, Sergey"]
[Black "Davidson, Kevin"]
[WhiteFideId "24113417"]
[BlackFideId "2056810"]
[WhiteElo "2568"]
[BlackElo "2373"]
[Result "1/2-1/2"]
[Round "5"]
[TimeControl "180+2"]
[Date "2023.06.27"]
[WhiteClock "0:00:34"]
[BlackClock "0:00:05"]
[Board "98"]

1. d4 Nf6 2. Nf3 g6 3. c4 Bg7 4. Nc3 d6 5. Bg5 h6 6. Bf4 Nc6 7. d5 e5 8. dxc6 exf4 9. cxb7 Bxb7 10. g3 fxg3 11. hxg3 O-O 12. Bg2 Re8 13. O-O Ne4 14. Nxe4 Bxe4 15. Nd4 Bxg2 16. Kxg2 Bxd4 17. Qxd4 Rxe2 18. Rae1 Qe7 19. Rxe2 Qxe2 20. Rc1 Rb8 21. b3 Qxa2 22. Ra1 Qxb3 23. Rxa7 Qb6 24. Qxb6 cxb6 25. Rd7 b5 26. cxb5 Rxb5 27. Rxd6 h5 28. Rc6 Kg7 29. Rd6 Rf5 30. Rc6 Rf6 31. Rc5 Ra6 32. f4 Kf6 33. Kh3 Rd6 34. Ra5 Rb6 35. Rc5 Rb3 36. Rc6+ Kg7 37. Rc5 f6 38. Rc7+ Kg8 39. Rc6 Kf7 40. Rc7+ Ke6 41. Rc6+ Kf5 42. Rc5+ Ke6 43. Rc6+ Kf5 44. Rc5+ Ke6 45. Rc6+ 1/2-1/2


[Site "https://www.chess.com"]

[Event "Titled Tuesday Blitz June 27 Late 2023"]
[White "WindWhistler11"]
[Black "Fernandez Siles, Luis"]
[BlackFideId "2209420"]
[WhiteElo "2566"]
[BlackElo "2373"]
[Result "1-0"]
[Round "5"]
[TimeControl "180+2"]
[Date "2023.06.27"]
[WhiteClock "0:01:13"]
[BlackClock "0:00:03"]
[Board "99"]

1. Nf3 d6 2. g3 e5 3. Bg2 e4 4. Nd4 c5 5. Nb3 Nf6 6. d3 exd3 7. cxd3 g6 8. O-O Bg7 9. Nc3 O-O 10. d4 c4 11. Nd2 d5 12. Nf3 Ne4 13. Nxe4 dxe4 14. Ne5 Qd5 15. f4 Nc6 16. e3 f5 17. Qe2 Be6 18. Bd2 Nxe5 19. fxe5 Rfd8 20. Bb4 a5 21. Bd6 b5 22. g4 b4 23. gxf5 gxf5 24. Qh5 Kh8 25. Rxf5 Bxf5 26. Qxf5 Rxd6 27. Bxe4 Qg8 28. exd6 Bxd4+ 29. Kh1 Bxb2 30. Rg1 Qf7 31. Qxf7 1-0


[Site "https://www.chess.com"]

[Event "Titled Tuesday Blitz June 27 Late 2023"]
[White "Ezat, Mohamed"]
[Black "Perez Torres, Nabi Isaias"]
[WhiteFideId "10600906"]
[BlackFideId "5120373"]
[WhiteElo "2564"]
[BlackElo "2345"]
[Result "1-0"]
[Round "5"]
[TimeControl "180+2"]
[Date "2023.06.27"]
[WhiteClock "0:02:00"]
[BlackClock "0:00:28"]
[Board "100"]

1. d4 Nf6 2. c4 g6 3. Nc3 Bg7 4. e4 d6 5. Be2 O-O 6. Bg5 h6 7. Be3 e5 8. d5 Na6 9. Qd2 Kh7 10. h4 Nc5 11. h5 g5 12. f3 a5 13. g4 c6 14. Nh3 cxd5 15. cxd5 Nfd7 16. Nf2 a4 17. Kf1 Bf6 18. Kg2 Qa5 19. Rab1 Bd8 20. Rhc1 Nf6 21. Nd3 Nxd3 22. Bxd3 Bd7 23. b4 a3 24. bxa5 1-0


[Site "https://www.chess.com"]

[Event "Titled Tuesday Blitz June 27 Late 2023"]
[White "Shapiro, Daniel"]
[Black "Ozates, Tuna"]
[WhiteFideId "2001780"]
[BlackFideId "6354521"]
[WhiteElo "2340"]
[BlackElo "2562"]
[Result "0-1"]
[Round "5"]
[TimeControl "180+2"]
[Date "2023.06.27"]
[WhiteClock "0:00:00"]
[BlackClock "0:00:14"]
[Board "101"]

1. d4 f5 2. c4 Nf6 3. Nf3 e6 4. Qc2 Be7 5. b3 O-O 6. g3 a5 7. a3 d6 8. Bg2 Ne4 9. O-O Bf6 10. Bb2 Nc6 11. Nbd2 Nxd2 12. Qxd2 e5 13. Rfd1 e4 14. Ne1 a4 15. b4 d5 16. f3 exf3 17. Bxf3 Ne7 18. c5 c6 19. Nd3 Ng6 20. b5 Bg5 21. e3 Re8 22. Nf4 Bxf4 23. exf4 Nf8 24. Re1 Bd7 25. b6 Be6 26. Bd1 Nd7 27. Bc2 Nf6 28. Qd1 Ne4 29. Bxa4 g5 30. fxg5 Qxg5 31. Bc1 Qg7 32. Bc2 Bf7 33. Bf4 Re7 34. a4 Rae8 35. a5 Nc3 36. Qd2 Rxe1+ 37. Rxe1 Rxe1+ 38. Qxe1 Qxd4+ 39. Qe3 Qb4 40. Be5 Ne4 41. Qh6 Qe1+ 42. Kg2 Qe2+ 43. Kh3 Nf2+ 44. Kg2 Ng4+ 0-1


[Site "https://www.chess.com"]

[Event "Titled Tuesday Blitz June 27 Late 2023"]
[White "Skaric, Djuro"]
[Black "David, Bogdan-Emanuel"]
[WhiteFideId "934569"]
[BlackFideId "1229907"]
[WhiteElo "2339"]
[BlackElo "2560"]
[Result "1-0"]
[Round "5"]
[TimeControl "180+2"]
[Date "2023.06.27"]
[WhiteClock "0:00:36"]
[BlackClock "0:00:02"]
[Board "102"]

1. g3 g6 2. Bg2 Bg7 3. d3 Nf6 4. Nf3 O-O 5. O-O d5 6. Nc3 c5 7. e4 d4 8. Ne2 Nc6 9. h3 Rb8 10. Ne1 b5 11. f4 Bb7 12. g4 c4 13. Ng3 Qc7 14. Rf2 Nd7 15. Bf1 Ba6 16. h4 Nc5 17. g5 Rbd8 18. h5 c3 19. b3 Bc8 20. Qf3 f5 21. e5 Nxe5 22. fxe5 Bb7 23. Qe2 Bxe5 24. Nh1 f4 25. Nf3 Bd6 26. Bh3 e5 27. hxg6 hxg6 28. b4 Nd7 29. Be6+ Kg7 30. Nd2 Rde8 31. Bg4 Bxb4 32. Ne4 Be7 33. Rh2 Nc5 34. Bf3 Nxe4 35. Bxe4 Bxg5 36. Rg2 Rf5 37. Qg4 Qd7 38. Bxf5 Qxf5 39. Qxf5 gxf5 40. Rxg5+ Kf6 41. Rh5 Rg8+ 42. Kf1 Bf3 43. Rh2 e4 44. dxe4 fxe4 45. Bxf4 e3 46. Re1 Bd5 47. Ng3 Bc4+ 48. Ne2 Bxa2 49. Nxd4 Bc4+ 50. Ne2 a5 51. Bxe3 Kf5 52. Bd4 b4 53. Rf2+ Ke4 54. Rf4+ Kd5 55. Kf2 a4 56. Bxc3 bxc3 57. Nxc3+ Kc5 58. Re5+ Kb4 59. Ree4 Kxc3 60. Rxc4+ Kb2 61. Rxa4 Kxc2 62. Rf3 Kb2 63. Re4 Rc8 64. Re2+ Kc1 65. Ke3 Rc3+ 66. Kf4 Rc4+ 67. Kg3 Kb1 68. Rf1+ Rc1 69. Rxc1+ Kxc1 70. Kf3 1-0


[Site "https://www.chess.com"]

[Event "Titled Tuesday Blitz June 27 Late 2023"]
[White "ElDivis"]
[Black "Fajdetic, Hrvoje"]
[BlackFideId "14501945"]
[WhiteElo "2558"]
[BlackElo "2332"]
[Result "1-0"]
[Round "5"]
[TimeControl "180+2"]
[Date "2023.06.27"]
[WhiteClock "0:00:40"]
[BlackClock "0:00:03"]
[Board "103"]

1. e4 c5 2. Nc3 g6 3. Nge2 Bg7 4. d4 cxd4 5. Nxd4 Nc6 6. Be3 Nf6 7. Nb3 d6 8. Qd2 Ng4 9. Bg5 h6 10. Bf4 g5 11. Bg3 Be6 12. O-O-O Rc8 13. Kb1 Nge5 14. h4 g4 15. Nd5 a5 16. Bb5 O-O 17. Bf4 Kh7 18. a4 Nb4 19. Nxb4 axb4 20. Qxb4 Nc4 21. Nd4 Qb6 22. Nxe6 fxe6 23. Bc1 Rxf2 24. Rhf1 Rxf1 25. Rxf1 Rf8 26. Rxf8 Bxf8 27. Qxc4 Qg1 28. Qxe6 Qxg2 29. Qf5+ Kg8 30. Bc4+ Kh8 31. Qxf8+ Kh7 32. Qg8# 1-0


[Site "https://www.chess.com"]

[Event "Titled Tuesday Blitz June 27 Late 2023"]
[White "O`Gorman, Tom"]
[Black "Spichkin, Alexander"]
[WhiteFideId "2508249"]
[BlackFideId "4144074"]
[WhiteElo "2549"]
[BlackElo "2322"]
[Result "1-0"]
[Round "5"]
[TimeControl "180+2"]
[Date "2023.06.27"]
[WhiteClock "0:00:45"]
[BlackClock "0:00:49"]
[Board "104"]

1. e4 e5 2. Nf3 d5 3. exd5 e4 4. Qe2 Nf6 5. d3 Bb4+ 6. c3 O-O 7. dxe4 Bc5 8. Bg5 c6 9. dxc6 Nxc6 10. Nbd2 Re8 11. O-O-O Bg4 12. h3 Bxf3 13. Nxf3 Qe7 14. Qc2 h6 15. Bxf6 Qxf6 16. Bc4 a6 17. Bd5 Rac8 18. Kb1 b5 19. Rhe1 a5 20. Qe2 b4 21. c4 Nd4 22. Nxd4 Bxd4 23. Rd3 a4 24. Rf3 Qb6 25. Rxf7 Kh8 26. Rb7 Qc5 27. Rb5 Qe7 28. Qd2 Bc5 29. Rb7 Qd6 30. f4 a3 31. b3 Rc7 32. e5 Qe7 33. Rxc7 Qxc7 34. Qd3 Qe7 35. Qg6 Rd8 36. Be4 Kg8 37. Qh7+ Kf7 38. Bd5+ Ke8 39. Qg6+ Kf8 40. Qf5+ Ke8 41. Bc6+ Rd7 42. Bxd7+ Qxd7 43. Qxd7+ Kxd7 44. Kc2 Bd4 45. Kd3 Bc3 46. Re2 Ke6 47. Ke4 g6 48. g4 Bb2 49. f5+ Ke7 50. Kd5 Bc3 51. f6+ Kf7 52. e6+ Kxf6 53. e7 1-0


[Site "https://www.chess.com"]

[Event "Titled Tuesday Blitz June 27 Late 2023"]
[White "MAHanif"]
[Black "Delorme, Axel"]
[BlackFideId "632023"]
[WhiteElo "2331"]
[BlackElo "2542"]
[Result "1/2-1/2"]
[Round "5"]
[TimeControl "180+2"]
[Date "2023.06.27"]
[WhiteClock "0:00:13"]
[BlackClock "0:00:08"]
[Board "105"]

1. Nf3 d5 2. g3 e6 3. Bg2 c5 4. d3 Nc6 5. Nbd2 Nf6 6. O-O Be7 7. e4 O-O 8. Qe2 b5 9. a4 b4 10. b3 Bb7 11. Bb2 Qc7 12. Rfe1 Rac8 13. exd5 Nxd5 14. Nc4 Bf6 15. Nfe5 Rfd8 16. Nxc6 Bxc6 17. Bxf6 Nxf6 18. Bxc6 Qxc6 19. Qe5 Rd5 20. Qe3 h5 21. Qf3 h4 22. Re5 Rcd8 23. Rae1 h3 24. Rxd5 Rxd5 25. Re3 Qc7 26. Qe2 g5 27. f3 Rf5 28. Re5 Rxe5 29. Qxe5 Qxe5 30. Nxe5 Kf8 31. Kf2 Ke7 32. Nc6+ Kd6 33. Nxa7 g4 34. Nc8+ Kc7 35. Ne7 Kd7 36. a5 Kxe7 37. a6 Nd7 38. fxg4 Kf6 39. Ke3 Kg5 40. d4 cxd4+ 41. Kxd4 Kxg4 42. c4 bxc3 43. Kxc3 Kf3 44. b4 e5 45. b5 e4 46. a7 Nb6 47. Kb4 e3 48. Kc5 Na8 49. b6 e2 50. b7 e1=Q 51. bxa8=Q+ Kf2 52. Qd5 Qa5+ 53. Kd6 Qxa7 54. Ke5 Qe7+ 55. Kf5 Kg1 56. g4 Qe6+ 57. Qxe6 fxe6+ 58. Kxe6 Kxh2 59. g5 Kg2 60. g6 h2 61. g7 h1=Q 62. g8=Q+ Kf2 63. Qf7+ Ke3 64. Qa7+ Kf4 65. Qc7+ Kg4 66. Qg7+ Kf4 67. Qf6+ Kg3 68. Qe5+ Kg2 69. Qe4+ Kg1 70. Qxh1+ Kxh1 1/2-1/2


[Site "https://www.chess.com"]

[Event "Titled Tuesday Blitz June 27 Late 2023"]
[White "Nasir, Zehn"]
[Black "Ozen, Batuhan"]
[WhiteFideId "2613239"]
[BlackFideId "6345123"]
[WhiteElo "2542"]
[BlackElo "2320"]
[Result "1-0"]
[Round "5"]
[TimeControl "180+2"]
[Date "2023.06.27"]
[WhiteClock "0:01:36"]
[BlackClock "0:00:11"]
[Board "106"]

1. d4 Nf6 2. Bf4 c5 3. e3 cxd4 4. exd4 g6 5. Nc3 Bg7 6. Qd2 a6 7. Bc4 b5 8. Bb3 Bb7 9. Nf3 Nc6 10. O-O-O Na5 11. Bh6 Nxb3+ 12. axb3 Bxh6 13. Qxh6 Bxf3 14. gxf3 Qa5 15. Rhe1 O-O-O 16. Rxe7 Rhe8 17. Rxf7 Re6 18. Qg5 Nh5 19. Kb1 Rc6 20. Nd5 Re8 21. Ne7+ Kb7 22. Nxc6 Kxc6 23. Qc5+ 1-0


[Site "https://www.chess.com"]

[Event "Titled Tuesday Blitz June 27 Late 2023"]
[White "Perez, Maximiliano"]
[Black "Rakitic2010"]
[WhiteFideId "117234"]
[WhiteElo "2537"]
[BlackElo "2314"]
[Result "1-0"]
[Round "5"]
[TimeControl "180+2"]
[Date "2023.06.27"]
[WhiteClock "0:00:33"]
[BlackClock "0:00:11"]
[Board "107"]

1. e4 Nf6 2. e5 Nd5 3. d4 d6 4. c4 Nb6 5. exd6 cxd6 6. Nc3 g6 7. Be3 Bg7 8. Rc1 O-O 9. b3 e5 10. Nf3 Nc6 11. Be2 Bg4 12. dxe5 dxe5 13. Qxd8 Rfxd8 14. O-O h6 15. Nb5 f5 16. h3 Bxf3 17. Bxf3 e4 18. Be2 Nd7 19. Rfd1 Nde5 20. Nc7 Rac8 21. Ne6 Rxd1+ 22. Rxd1 Bf6 23. Bxh6 Kf7 24. Ng5+ Ke7 25. Nh7 Bh8 26. Be3 Rd8 27. Bg5+ Ke8 28. Bxd8 Nxd8 29. Ng5 Bf6 30. h4 Ke7 31. b4 Ndc6 32. a3 a5 33. b5 Nd8 34. c5 Bxg5 35. hxg5 Ne6 36. Rd5 Nd7 37. c6 bxc6 38. bxc6 Nb6 39. Rb5 Nc8 40. Rb7+ Kd6 41. Bb5 Nc7 42. Ba4 Ne7 43. Kf1 f4 44. Rb8 Nxc6 45. Rb6 Nd5 46. Rxc6+ Ke5 47. Rc5 Kd4 48. Rxa5 Nc3 49. Ra8 e3 50. Rd8+ Ke4 51. Bc2+ Ke5 52. Ke1 e2 53. Rd3 Ne4 54. Kxe2 f3+ 55. Rxf3 Nc5 56. Rc3 Kd4 57. Rxc5 Kxc5 58. Bxg6 Kd4 59. Bd3 Ke5 60. g6 Kf6 61. a4 Kg7 62. a5 Kh6 63. a6 Kh5 64. a7 Kg5 65. a8=Q Kh6 66. Qh8+ Kg5 67. f4+ Kg4 68. g7 Kxf4 69. Qh4+ 1-0


[Site "https://www.chess.com"]

[Event "Titled Tuesday Blitz June 27 Late 2023"]
[White "Kuzmin, Roman"]
[Black "Bolanos, Fernando"]
[WhiteFideId "44134932"]
[BlackFideId "3304094"]
[WhiteElo "2535"]
[BlackElo "2297"]
[Result "1-0"]
[Round "5"]
[TimeControl "180+2"]
[Date "2023.06.27"]
[WhiteClock "0:02:32"]
[BlackClock "0:02:43"]
[Board "108"]

1. e4 c5 2. Nf3 d5 3. exd5 Qxd5 4. Nc3 Qd6 5. d4 cxd4 6. Qxd4 Qxd4 7. Nxd4 Bd7 8. Bf4 Nc6 9. Ndb5 O-O-O 10. Nd5 Nf6 11. Nxa7+ Nxa7 12. Nb6# 1-0


[Site "https://www.chess.com"]

[Event "Titled Tuesday Blitz June 27 Late 2023"]
[White "Bruedigam, Martin"]
[Black "StarkyNZ"]
[WhiteFideId "24608033"]
[WhiteElo "2535"]
[BlackElo "2270"]
[Result "1/2-1/2"]
[Round "5"]
[TimeControl "180+2"]
[Date "2023.06.27"]
[WhiteClock "0:00:09"]
[BlackClock "0:00:08"]
[Board "109"]

1. c4 e5 2. g3 Nc6 3. Bg2 Nf6 4. Nc3 Bc5 5. e3 a5 6. Nge2 O-O 7. O-O Re8 8. d4 exd4 9. exd4 Be7 10. d5 Ne5 11. b3 Bc5 12. Na4 Bf8 13. Bb2 d6 14. h3 Bd7 15. Nac3 b6 16. Nd4 Qc8 17. Kh2 Ng6 18. a4 Ne7 19. g4 Ng6 20. Qd3 Nf4 21. Qg3 Nxg2 22. Kxg2 Ne4 23. Nxe4 Rxe4 24. Rae1 Qe8 25. Qc3 Qe7 26. f3 Rxe1 27. Rxe1 Qh4 28. Re4 h5 29. Ne2 hxg4 30. hxg4 Re8 31. Rxe8 Bxe8 32. Ng3 Bd7 33. Qe3 Qe7 34. Qd4 Qe1 35. Nh5 Qe2+ 36. Kg3 Qe1+ 37. Qf2 Qd1 38. Qe3 Qc2 39. Bd4 Qg6 40. Nf4 Qc2 41. Nh5 Qg6 42. Kf2 Qc2+ 43. Kg1 Qb1+ 44. Kh2 Qc2+ 45. Kh3 Qg6 46. Ng3 Qh7+ 47. Kg2 Qc2+ 48. Kg1 Qb1+ 49. Kf2 Qc2+ 50. Ne2 Qg6 51. Nf4 Qc2+ 52. Kg3 Qb1 53. Bc3 Qh7 54. Qd4 Qb1 55. Nh5 f6 56. Nf4 Qxb3 57. g5 Qc2 58. gxf6 Qh7 59. fxg7 Qxg7+ 60. Qxg7+ Bxg7 61. Bxg7 Kxg7 62. Kf2 Bxa4 63. Ne6+ Kf6 64. Nxc7 Bb3 65. Na8 Bxc4 66. Nxb6 Bb3 67. Ke3 a4 68. Kd3 Ke5 69. Kc3 Bxd5 70. Nxa4 Bxf3 71. Kd2 Ba8 72. Nc3 Kd4 73. Nb5+ Kc5 74. Nxd6 1/2-1/2


[Site "https://www.chess.com"]

[Event "Titled Tuesday Blitz June 27 Late 2023"]
[White "Quirke, Jeffrey"]
[Black "Ismagilov, Damir"]
[WhiteFideId "2013029"]
[BlackFideId "34199982"]
[WhiteElo "2253"]
[BlackElo "2533"]
[Result "0-1"]
[Round "5"]
[TimeControl "180+2"]
[Date "2023.06.27"]
[WhiteClock "0:00:03"]
[BlackClock "0:00:20"]
[Board "110"]

1. e4 g6 2. d4 Bg7 3. c3 d6 4. Bd3 c5 5. Nf3 Bg4 6. dxc5 dxc5 7. h3 Bxf3 8. Qxf3 Nc6 9. Qe2 e5 10. O-O Nge7 11. Nd2 O-O 12. a4 Qc7 13. Nc4 Rad8 14. Bg5 h6 15. Be3 b6 16. Rfd1 Rd7 17. Bc2 Rfd8 18. Rxd7 Rxd7 19. Bb3 Kh7 20. Rd1 Nc8 21. Bc1 Rxd1+ 22. Qxd1 Qd8 23. Qe2 Nd6 24. Ne3 Na5 25. Bd5 Qd7 26. b4 cxb4 27. cxb4 Nc6 28. Qd2 Nd4 29. b5 Nb7 30. Bb2 Nc5 31. Bxd4 exd4 32. Nc4 Nxa4 33. Qb4 Nc3 34. Kh2 Nxd5 35. exd5 Qxd5 36. Nd2 Qe5+ 37. g3 Qe1 38. Kg2 d3 39. Qb2 0-1


[Site "https://www.chess.com"]

[Event "Titled Tuesday Blitz June 27 Late 2023"]
[White "Kornyukov, Alexey"]
[Black "Yanev, Tihomir"]
[WhiteFideId "4150457"]
[BlackFideId "2910110"]
[WhiteElo "2240"]
[BlackElo "2533"]
[Result "0-1"]
[Round "5"]
[TimeControl "180+2"]
[Date "2023.06.27"]
[WhiteClock "0:00:00"]
[BlackClock "0:00:21"]
[Board "111"]

1. d4 g6 2. c4 Bg7 3. Nc3 c6 4. e4 d6 5. Be3 Nf6 6. f3 a6 7. Qd2 b5 8. Bd3 Nbd7 9. Nge2 Bb7 10. O-O O-O 11. Rac1 Rc8 12. Nd1 bxc4 13. Bxc4 c5 14. dxc5 Nxc5 15. Nf2 Nfd7 16. Bd4 Ne5 17. Bd5 Qd7 18. f4 Bxd5 19. exd5 Ng4 20. Bxg7 Kxg7 21. Nxg4 Qxg4 22. Nd4 Rc7 23. Qe3 Rfc8 24. h3 Qd7 25. f5 Na4 26. fxg6 hxg6 27. b3 Rxc1 28. Rxc1 Rxc1+ 29. Qxc1 Nc5 30. Qc3 Kg8 31. b4 Ne4 32. Qc6 Qa7 33. Qc4 Ng3 0-1


[Site "https://www.chess.com"]

[Event "Titled Tuesday Blitz June 27 Late 2023"]
[White "Oliveira, Tiago Batista"]
[Black "Leenhouts, Koen"]
[WhiteFideId "2108291"]
[BlackFideId "1008439"]
[WhiteElo "2182"]
[BlackElo "2532"]
[Result "0-1"]
[Round "5"]
[TimeControl "180+2"]
[Date "2023.06.27"]
[WhiteClock "0:00:13"]
[BlackClock "0:01:12"]
[Board "112"]

1. d4 Nf6 2. c4 g6 3. Nc3 Bg7 4. e4 d6 5. Nf3 O-O 6. Be2 Nbd7 7. Be3 e5 8. dxe5 dxe5 9. b4 c6 10. O-O Re8 11. Qc2 a5 12. a3 axb4 13. axb4 Rxa1 14. Rxa1 Qe7 15. c5 Nf8 16. Nd2 Ne6 17. Nc4 Nd4 18. Qb2 Ng4 19. Bxg4 Bxg4 20. Nd6 Rd8 21. Ra7 Bc8 22. Ne2 Nb5 23. Qa1 Nxa7 24. Qxa7 Rxd6 25. cxd6 Qxd6 26. f3 Qxb4 27. Qb8 Qe1# 0-1


[Site "https://www.chess.com"]

[Event "Titled Tuesday Blitz June 27 Late 2023"]
[White "zano2023"]
[Black "Krishnan, Varun"]
[BlackFideId "5054508"]
[WhiteElo "2173"]
[BlackElo "2531"]
[Result "0-1"]
[Round "5"]
[TimeControl "180+2"]
[Date "2023.06.27"]
[WhiteClock "0:00:22"]
[BlackClock "0:00:06"]
[Board "113"]

1. e4 g6 2. Nf3 Bg7 3. d4 a6 4. Nbd2 b5 5. c3 Bb7 6. Bd3 d6 7. O-O Nd7 8. Re1 c5 9. Nf1 e5 10. d5 Ne7 11. Ng3 O-O 12. Be3 f5 13. exf5 gxf5 14. Ng5 Qe8 15. Ne6 e4 16. Nxf8 Qxf8 17. Bc2 f4 18. Bxe4 fxe3 19. Rxe3 Nf6 20. Nh5 Nxe4 21. Rxe4 Ng6 22. Nxg7 Kxg7 23. Qd2 Qf5 24. Rae1 Bxd5 25. R4e3 Rf8 26. f3 Kg8 27. b3 Nf4 28. Qf2 c4 29. Qg3+ Ng6 30. b4 Qf6 31. R1e2 Kh8 32. Re1 Bf7 33. f4 Rg8 34. Qf3 Nh4 35. Qe4 Nxg2 36. Rg3 Rxg3 37. hxg3 Nxe1 38. Qxe1 Qe6 39. Qf2 Qe4 40. Kh2 Bd5 41. Kh3 Qh1+ 42. Kg4 Qd1+ 43. Kh3 Qh5# 0-1


[Site "https://www.chess.com"]

[Event "Titled Tuesday Blitz June 27 Late 2023"]
[White "Sanchez, Robert"]
[Black "Chor, Kevin"]
[WhiteFideId "2034360"]
[BlackFideId "2090740"]
[WhiteElo "2121"]
[BlackElo "2530"]
[Result "0-1"]
[Round "5"]
[TimeControl "180+2"]
[Date "2023.06.27"]
[WhiteClock "0:00:00"]
[BlackClock "0:00:17"]
[Board "114"]

1. e4 c5 2. Nf3 Nc6 3. d4 cxd4 4. Nxd4 g6 5. Nc3 Bg7 6. Be3 Nf6 7. Bc4 O-O 8. Bb3 d6 9. f3 Bd7 10. Qd2 Rc8 11. O-O-O Nxd4 12. Bxd4 b5 13. h4 a5 14. h5 a4 15. Bxf6 exf6 16. Bd5 b4 17. Ne2 b3 18. Nc3 f5 19. hxg6 hxg6 20. cxb3 Qa5 21. Kb1 a3 22. Bc4 axb2 23. Nd5 Qd8 24. g3 Be6 25. Qh2 Re8 26. Qh7+ Kf8 27. Rhe1 Qg5 28. Nb6 Rcd8 29. Bxe6 fxe6 30. Nc4 d5 31. exd5 exd5 32. Nxb2 Rxe1 33. Rxe1 Qd2 0-1


[Site "https://www.chess.com"]

[Event "Titled Tuesday Blitz June 27 Late 2023"]
[White "Czerw, Dawid"]
[Black "Andrejic, Vladica"]
[WhiteFideId "1145746"]
[BlackFideId "928178"]
[WhiteElo "2499"]
[BlackElo "2160"]
[Result "1-0"]
[Round "5"]
[TimeControl "180+2"]
[Date "2023.06.27"]
[WhiteClock "0:00:28"]
[BlackClock "0:00:37"]
[Board "115"]

1. e4 d5 2. exd5 Nf6 3. Nc3 Nxd5 4. Nf3 Bg4 5. Be2 e6 6. O-O Nc6 7. d4 Be7 8. Ne4 h6 9. Ng3 Nf6 10. c3 O-O 11. h3 Bxf3 12. Bxf3 Qd7 13. Qa4 Nd8 14. Qc2 c6 15. Be3 Nd5 16. Bd2 Re8 17. Qe4 Rc8 18. Be2 Bd6 19. Nh5 e5 20. Bd3 g6 21. Qxd5 gxh5 22. Qf3 exd4 23. Qxh5 Bf8 24. Bxh6 Bxh6 25. Qxh6 Re6 26. Qh7+ Kf8 27. Bf5 Ke7 28. Qh4+ Kf8 29. Qxd4 Qxd4 30. cxd4 Rc7 31. Bxe6 Nxe6 32. Rad1 Rd7 33. d5 cxd5 34. Rd3 Ke7 35. Rfd1 Nc7 36. f4 Kd6 37. Kf2 Re7 38. Re3 Rd7 39. g4 b5 40. g5 Ne6 41. Kf3 Kc5 42. Rc3+ Kd6 43. Rcd3 Kc5 44. h4 d4 45. Ke4 Kc4 46. b3+ Kb4 47. Rxd4+ Nxd4 48. Rxd4+ Rxd4+ 49. Kxd4 Ka3 50. h5 Kxa2 51. h6 Kxb3 52. h7 1-0


[Site "https://www.chess.com"]

[Event "Titled Tuesday Blitz June 27 Late 2023"]
[White "Yeritsyan, Hayk"]
[Black "Carrasco Miranda, Andres"]
[WhiteFideId "13307320"]
[BlackFideId "3405990"]
[WhiteElo "2491"]
[BlackElo "2412"]
[Result "1-0"]
[Round "5"]
[TimeControl "180+2"]
[Date "2023.06.27"]
[WhiteClock "0:01:03"]
[BlackClock "0:01:02"]
[Board "116"]

1. d4 Nf6 2. Nf3 g6 3. Bf4 Bg7 4. h3 O-O 5. e3 c5 6. c3 d6 7. Be2 Qb6 8. Qb3 Be6 9. Qxb6 axb6 10. a3 Nc6 11. Nbd2 Na5 12. O-O Rfc8 13. Bh2 Nb3 14. Nxb3 Bxb3 15. Rac1 cxd4 16. exd4 Bd5 17. Rfe1 Re8 18. Rcd1 Bb3 19. Ra1 Bh6 20. Bb5 Red8 21. Rxe7 Bd5 22. Rae1 Bxf3 23. gxf3 Nd5 24. Rxb7 Bd2 25. Re2 Bf4 26. Bc4 Bxh2+ 27. Kxh2 Ra5 28. Bxd5 Rxd5 29. Rxb6 Rf5 30. Re3 h5 31. a4 Ra8 32. b3 d5 33. Rb5 Rc8 34. a5 Kg7 35. b4 g5 36. Kg2 Rc6 37. Rc5 Rg6 38. b5 g4 39. fxg4 hxg4 40. hxg4 Rxg4+ 41. Rg3 Rxg3+ 42. Kxg3 1-0


[Site "https://www.chess.com"]

[Event "Titled Tuesday Blitz June 27 Late 2023"]
[White "Arnold, Ken"]
[Black "StiffMaster1"]
[WhiteFideId "2056836"]
[WhiteElo "2401"]
[BlackElo "2476"]
[Result "0-1"]
[Round "5"]
[TimeControl "180+2"]
[Date "2023.06.27"]
[WhiteClock "0:00:22"]
[BlackClock "0:00:05"]
[Board "117"]

1. d4 Nf6 2. Nf3 e6 3. c3 b6 4. Bf4 Bb7 5. e3 Be7 6. h3 O-O 7. Nbd2 d6 8. Be2 c5 9. O-O Nbd7 10. Bh2 a6 11. Nc4 Qc7 12. dxc5 Nxc5 13. Bxd6 Bxd6 14. Qxd6 Qxd6 15. Nxd6 Bc6 16. Ne5 Be8 17. Nxe8 Rfxe8 18. Rad1 b5 19. b3 Nd5 20. Bf3 Nxc3 21. Rc1 N5e4 22. Bxe4 Nxe4 23. Rc7 f6 24. Nc6 Kf8 25. Rd1 Rac8 26. Rdd7 Rxc7 27. Rxc7 Nc3 28. Nd4 Nxa2 29. Ra7 Nb4 30. f4 e5 31. Nf5 exf4 32. exf4 g6 33. Nd6 Re7 34. Ra8+ Kg7 35. g4 Rd7 36. Ne8+ Kf7 37. g5 fxg5 38. fxg5 Nd5 39. Nf6 Nxf6 40. gxf6 Rd6 41. Ra7+ Kxf6 42. Rxh7 Rd3 43. Ra7 Rxh3 44. Rxa6+ Kg5 45. Kg2 Rxb3 46. Rc6 Kf5 47. Rc5+ Ke4 48. Rc6 g5 49. Rg6 Kf5 50. Rc6 g4 51. Rc8 g3 52. Re8 b4 53. Re7 Kf4 54. Rf7+ Ke4 55. Rd7 Rc3 56. Rb7 b3 57. Rb4+ Kd3 0-1


[Site "https://www.chess.com"]

[Event "Titled Tuesday Blitz June 27 Late 2023"]
[White "Baches Garcia, Guillermo"]
[Black "Lowinger, Daniel"]
[WhiteFideId "2209764"]
[BlackFideId "2005557"]
[WhiteElo "2469"]
[BlackElo "2391"]
[Result "1/2-1/2"]
[Round "5"]
[TimeControl "180+2"]
[Date "2023.06.27"]
[WhiteClock "0:00:36"]
[BlackClock "0:00:07"]
[Board "118"]

1. e4 e5 2. Nf3 Nc6 3. Nc3 Nf6 4. d4 exd4 5. Nxd4 Nxe4 6. Nxe4 Qe7 7. Bd3 Nxd4 8. O-O Ne6 9. Re1 d5 10. Ng5 Bd7 11. Qh5 g6 12. Qf3 O-O-O 13. Nxf7 Nd4 14. Rxe7 Nxf3+ 15. gxf3 Bxe7 16. Nxh8 Rxh8 17. Bf4 Rf8 18. Re1 Bb4 19. c3 Rxf4 20. cxb4 Rxb4 21. Re7 Rh4 22. Kg2 c5 23. Kg3 Rh3+ 24. Kg2 Rh5 25. Kg3 c4 26. Bc2 b5 27. h4 Kc7 28. f4 Kd6 29. Rg7 d4 30. Bd1 Rh6 31. Bf3 a5 32. h5 gxh5 33. Kh4 Bg4 34. Be4 d3 35. Kg5 Re6 36. Bxh7 d2 37. Bc2 d1=Q 38. Bxd1 Bxd1 39. f5 Re2 40. f4 Rg2+ 41. Kh6 Rxg7 42. Kxg7 h4 43. Kg6 h3 44. f6 h2 45. f7 Ke6 46. f8=Q h1=Q 47. Qf5+ Kd6 48. Qxb5 Qc6 49. Qxa5 Bf3 50. Qe5+ Kd7+ 51. Kf7 Bd5+ 52. Kf8 Qd6+ 53. Kg7 Qxe5+ 54. fxe5 Ke6 55. Kg6 Kxe5 56. Kg5 Kd4 57. Kf4 Kd3 58. Ke5 Bg8 59. a4 Kc2 60. a5 Kxb2 61. a6 c3 62. a7 c2 63. a8=Q c1=Q 64. Qxg8 Qc3+ 65. Ke4 Qc2+ 66. Ke3 Qc3+ 67. Kf2 Qc2+ 68. Kg1 Qc1+ 69. Kh2 Qc2+ 70. Kh1 Qc1+ 71. Kh2 Qc2+ 72. Kg1 Qc1+ 73. Kh2 1/2-1/2


[Site "https://www.chess.com"]

[Event "Titled Tuesday Blitz June 27 Late 2023"]
[White "Kielinkei"]
[Black "Schuster, Karsten"]
[BlackFideId "4611071"]
[WhiteElo "2463"]
[BlackElo "2356"]
[Result "0-1"]
[Round "5"]
[TimeControl "180+2"]
[Date "2023.06.27"]
[WhiteClock "0:00:00"]
[BlackClock "0:00:06"]
[Board "119"]

1. b3 d5 2. Bb2 Nf6 3. Nf3 Bg4 4. Ne5 Bh5 5. d4 Nbd7 6. Nd2 c6 7. Ndf3 e6 8. e3 Bb4+ 9. c3 Bd6 10. Nxd7 Qxd7 11. Be2 Qc7 12. h3 O-O 13. O-O a5 14. c4 a4 15. Rc1 axb3 16. axb3 Ra2 17. Bc3 Rfa8 18. Rc2 Ne4 19. Bb2 h6 20. c5 Be7 21. Ne5 Bxe2 22. Qxe2 Bf6 23. Nd3 b5 24. cxb6 Qxb6 25. b4 Qb5 26. Rfc1 R8a6 27. Nc5 Qxe2 28. Rxe2 Nxc5 29. bxc5 R6a4 30. Rcc2 Bd8 31. Bc3 R2a3 32. Be1 Bc7 33. g4 Kh7 34. f4 Kg6 35. Bf2 f5 36. Kg2 fxg4 37. hxg4 h5 38. gxh5+ Kxh5 39. Kf3 g5 40. fxg5 Kxg5 41. Rc1 Kf5 42. Rh1 e5 43. dxe5 Bxe5 44. Rh5+ Ke6 45. Bg3 Bxg3 46. Kxg3 Re4 47. Kf3 Re5 48. Rh6+ Kd7 49. Rd6+ Kc7 50. Rf6 Rc3 51. Rf7+ Kc8 52. Rg2 Rexe3+ 53. Kf2 Rc2+ 54. Kxe3 Rxg2 55. Kd4 Rc2 56. Ke5 Rxc5 57. Kd6 Rc4 58. Ra7 Kb8 59. Rh7 d4 0-1


[Site "https://www.chess.com"]